 Dungeon Crawl Stone Soup version 0.28.0 (webtiles) character file.

Game seed: 8170746397219873171

163 fragbeetle the Chopper (level 5, -3/46 HPs)
             Began as a Minotaur Monk on Feb 18, 2022.
             Was an Elder of Lugonu.
             Succumbed to an orc wizard's poison
             ... on level 4 of the Dungeon.
             The game lasted 00:03:41 (3410 turns).

fragbeetle the Chopper (Minotaur Monk)              Turns: 3410, Time: 00:03:42

Health: -3/46      AC:  5    Str: 18    XL:     5   Next: 20%
Magic:  4/4        EV: 12    Int:  7    God:    Lugonu [****..]
Gold:   167        SH:  0    Dex:  7    Spells: 4/4 levels left

rFire   . . .      SeeInvis .   a - +0 hand axe
rCold   . . .      Faith    .   (no shield)
rNeg    + . .      Spirit   .   l - +2 leather armour "Ihery" {rN+ Will+ Dex-5}
rPois   .          Reflect  .   (helmet restricted)
rElec   .          Harm     .   (no cloak)
rCorr   .          Rampage  .   (no gloves)
Will    +....                   (no boots)
Stlth   +.........              (no amulet)
HPRegen 0.15/turn               (no ring)
MPRegen 0.09/turn               (no ring)

@: lethally poisoned (-3 -> -24)
A: horns 2, retaliatory headbutt
a: Renounce Religion, Depart the Abyss, Bend Space, Banish, Corrupt


You were on level 4 of the Dungeon.
You worshipped Lugonu.
Lugonu was greatly pleased with you.
You visited 1 branch of the dungeon, and saw 4 of its levels.

You collected 167 gold pieces.

Inventory:

Hand Weapons
 a - a +0 hand axe (weapon)
Missiles
 d - 6 poisoned darts (quivered)
 g - 46 sling bullets
Armour
 h - a +0 chain mail
 l - the +2 leather armour "Ihery" (worn) {rN+ Will+ Dex-5}
   (You found it on level 3 of the Dungeon)

   Dex:       It affects your dexterity (-5).
   rN:        It protects you from negative energy.
   Will:      It increases your willpower.
Jewellery
 j - a ring of ice
Scrolls
 b - a scroll of holy word {unknown}
 c - 2 scrolls of teleportation {unknown}
 e - a scroll of silence {unknown}
 f - a scroll of enchant armour {unknown}
 k - a scroll of vulnerability {unknown}
 m - a scroll of brand weapon {unknown}
 n - a scroll of magic mapping {unknown}


   Skills:
 - Level 3.8 Fighting
 * Level 6.9 Axes
 - Level 3.4 Dodging
 - Level 1.8 Stealth


You had 4 spell levels left.
You didn't know any spells.
Your spell library contained the following spells:

 Spells                   Type           Power      Damage    Failure   Level
 Magic Dart               Conj           0%         1d3       50%         1
 Searing Ray              Conj           0%         2d4       63%         2
 Fulminant Prism          Conj/Hex       0%         3d6       99%         4


Dungeon Overview and Level Annotations

Branches:
Dungeon (4/15)
 Temple: D:4-7

Altars:
Ashenzari
Lugonu

Shops:
D:4 :


Innate Abilities, Weirdness & Mutations

You have a pair of horns on your head.
You reflexively headbutt those who attack you in melee.


Message History

Lugonu accepts your kill.
* * * LOW HITPOINT WARNING * * *
You feel very sick. Something hits you but does no damage.
You have reached level 5!
It was a potion of heal wounds.
You feel much better.
You feel very sick. The orc priest closely misses you.
Something hits you but does no damage.
You are more poisoned.
You hit the orc priest.
The orc priest is moderately wounded.
You hit something.
You feel very sick.
The orc priest looks braver for a moment.
Something barely misses you.
You hit the orc priest but do no damage.
The orc priest is moderately wounded.
You closely miss something.
You feel very sick. The orc priest closely misses you. Something hits you.
You are lethally poisoned!
You closely miss the orc priest. You headbutt the orc priest.
The orc priest is heavily wounded.
You hit something.
* * * LOW HITPOINT WARNING * * *
You feel very sick. The orc priest barely misses you. Something hits you.
* * * LOW HITPOINT WARNING * * *
You hit the orc priest. Your headbutt misses the orc priest.
The orc priest is severely wounded.
You miss something.
* * * LOW HITPOINT WARNING * * *
You feel very sick. The orc priest misses you. Something hits you.
* * * LOW HITPOINT WARNING * * *
You are more poisoned.
You hit the orc priest.
The orc priest is severely wounded.
You hit something.
You die...

#........# #.......#####
........## ##......#
.^...##..## #.....##
...## ##..## #....## ..
##..## ##....# .
##..###....##
##..##....###
##...#......## #
#@...........### #
#.o†.............###
...........#..........
..............#.........
...............##......#
......................##
......................#
....#####...###.......#
.# #........#


You could see an orc priest.

Vanquished Creatures
  Jessica (D:2)
  An iguana (D:4)
  3 adders (D:3)
  2 worms
  9 orcs
  7 endoplasms
  4 giant cockroaches
  5 goblins
  8 hobgoblins
  2 quokkas (D:1)
  5 ball pythons
  A bat (D:3)
  2 frilled lizards
  6 kobolds
  10 rats
66 creatures vanquished.

Notes
Turn   | Place    | Note
-------+----------+-------------------------------------------
     0 | D:1      | fragbeetle the Minotaur Monk began the quest for the Orb.
     0 | D:1      | Reached XP level 1. HP: 19/19 MP: 0/0
   692 | D:1      | Reached XP level 2. HP: 27/27 MP: 1/1
   746 | D:1      | Reached skill level 4 in Axes
  1452 | D:2      | Found a faded altar of an unknown god.
  1452 | D:2      | Noticed a balrug
  1461 | D:2      | Prayed at the altar of an unknown god.
  1461 | D:2      | Became a worshipper of Lugonu the Unformed
  1461 | D:2      | Reached * piety under Lugonu
  1461 | D:2      | Reached ** piety under Lugonu
  1461 | D:2      | Reached *** piety under Lugonu
  1676 | D:2      | Noticed Jessica
  1679 | D:2      | Reached XP level 3. HP: 33/33 MP: 2/2
  1686 | D:2      | Killed Jessica
  1687 | D:2      | Reached skill level 5 in Axes
  2037 | D:3      | Found a broken altar of Ashenzari.
  2052 | D:3      | Reached XP level 4. HP: 40/40 MP: 3/3
  2308 | D:3      | Reached skill level 6 in Axes
  2333 | D:3      | Reached **** piety under Lugonu
  2759 | D:3      | Found a faded altar of an unknown god.
  3026 | D:3      | Identified the +2 leather armour "Ihery" {rN+ Will+ Dex-5}
  3265 | D:4      | Found Uledos's Book Boutique.
  3405 | D:4      | Reached XP level 5. HP: 5/46 MP: 4/4
  3409 | D:4      | HP: 2/46 [something (3)]
  3410 | D:4      | Succumbed to an orc wizard's poison

Illustrated notes

Levels and vault maps discovered:
D:1:      dpeg_arrival_central, layout_basic, minmay_indecisive_spiral
D:2:      layout_loops_cross, dreamdust_ecumenical_altar_sealed_demon,
          uniq_jessica
D:3:      layout_loops_ring, nicolae_overflow_ecumenical_swirl,
          cheibrodos_ashenzari_chains, st_stairs_11, chequers_jeans
D:4:      layout_layer_cave, nicolae_stop_n_shop_1

Skill      XL: |  1  2  3  4 |
---------------+-------------+-----
Axes           | 4 5 6 |  6.9
Fighting       | |  3.8
Dodging        | |  3.4
Stealth        | |  1.8

Action                   |  1- 3 |  4- 6 || total
-------------------------+-------+-------++-------
Melee: Hand axe          |    68 |    98 ||   166
       Headbutt          |     9 |    16 ||    25
       Punch             |     1 |     1 ||     2
  Use: Potion            |       |     1 ||     1
Armor: Ring mail         |    16 |       ||    16
       Chain mail        |     8 |    28 ||    36
       Leather armour    |       |     5 ||     5
Dodge: Dodged            |    27 |    40 ||    67
